 Dungeon Crawl Stone Soup version 0.18.1-6-gd335043 (webtiles) character file.

6886 dorian the Grappler (level 10, -9/88 HPs)
             Began as a Troll Monk on May 20, 2016.
             Mangled by Erolcha
             ... wielding a +6 giant spiked club
              (26 damage)
             ... on level 10 of the Dungeon.
             The game lasted 00:24:17 (8132 turns).

dorian the Grappler (Troll Monk)                    Turns: 8132, Time: 00:24:18

Health: -9/88      AC:  6    Str: 24    XL:     10   Next: 79%
Magic:  9/9        EV: 11    Int:  6    God:
Gold:   407        SH:  0    Dex: 19    Spells: 0 memorised, 9 levels left

rFire  . . .     SeeInvis .     C - +4 lajatang "Sunafom" {slice, Str+3 Dex+4 Stlth-}
rCold  . . .     Gourm    +     a - +0 robe
rNeg   + . .     Faith    .     (shield currently unavailable)
rPois  .         Spirit   .     (helmet restricted)
rElec  .         Dismiss  .     k - +0 cloak
rCorr  .         Reflect  .     (gloves unavailable)
SustAt .         Harm     .     (boots unavailable)
MR     +....                    (no amulet)
Stlth  +.........               K - ring of positive energy
                                p - ring of protection from magic

@: somewhat resistant to hostile enchantments, very unstealthy
A: unfitting armour, claws 3, fast metabolism 3, gourmand, regeneration 2,
shaggy fur 1, tough skin 2
a: no special abilities


You were on level 10 of the Dungeon.
You were not hungry.

You visited 2 branches of the dungeon, and saw 11 of its levels.

You collected 407 gold pieces.

Inventory:

Hand Weapons
 v - the +2 hunting sling of Qeruta {flame, rF+ MR- Str+6 Dex+4, unknown}
   (You found it on level 4 of the Dungeon)

   It causes projectiles fired from it to burn those they strike, causing extra
   injury to most foes and up to half again as much damage against particularly
   susceptible opponents.
   It affects your strength (+6).
   It affects your dexterity (+4).
   It protects you from fire.
   It affects your resistance to hostile enchantments.
 C - the +4 lajatang "Sunafom" (weapon) {slice, Str+3 Dex+4 Stlth-}
   (You found it on level 6 of the Dungeon)

   It inflicts extra damage upon your enemies.
   It affects your strength (+3).
   It affects your dexterity (+4).
   It makes you less stealthy.
Armour
 a - a +0 robe (worn)
 k - a +0 cloak (worn)
   (You found it on level 2 of the Dungeon)
Jewellery
 g - an uncursed ring of protection from magic
   (You found it on level 1 of the Dungeon)
 m - the ring of Heresy {MP+9 Int+2}
   (You found it on level 5 of the Dungeon)

   [ring of intelligence]

   It affects your intelligence (+2).
   It affects your magic capacity (+9).
 p - a ring of protection from magic (left claw)
   (You found it on level 3 of the Dungeon)
 y - an uncursed ring of magical power
   (You found it on level 6 of the Dungeon)
 F - an uncursed amulet of inaccuracy
   (You found it on level 6 of the Dungeon)
 K - a ring of positive energy (right claw)
   (You found it on level 7 of the Dungeon)
Wands
 d - a wand of iceblast (0/15)
   (You found it on level 7 of the Dungeon)
 D - a wand of random effects (1/48)
   (You found it on level 6 of the Dungeon)
 L - a wand of disintegration (0/24)
   (You found it on level 7 of the Dungeon)
 M - a wand of digging (9/24)
   (You found it on level 7 of the Dungeon)
 O - a wand of hasting (6/9)
   (You found it on level 8 of the Dungeon)
 R - a wand of confusion (25/48)
   (You found it on level 10 of the Dungeon)
 T - a wand of digging (8/24)
   (You found it on level 10 of the Dungeon)
Scrolls
 j - a scroll of immolation
 l - 2 scrolls of magic mapping
 r - 5 scrolls of identify
 t - a scroll of noise {unknown}
 x - a scroll of remove curse
 B - 2 scrolls of fog {unknown}
 J - 3 scrolls of amnesia
 P - 3 scrolls of teleportation
 S - a scroll of enchant armour {unknown}
Potions
 c - a potion of invisibility {unknown}
 e - a potion of berserk rage {unknown}
 f - 10 potions of curing
 i - 3 potions of degeneration
 o - a potion of cancellation
 w - 2 potions of mutation {unknown}
 z - a potion of magic {unknown}
 A - a potion of might {unknown}
 E - 2 potions of heal wounds {unknown}
 G - 3 potions of flight {unknown}
 H - 2 potions of haste {unknown}
Books
 N - a book of the Dragon
   (You found it on level 7 of the Dungeon)

   Spells                             Type                      Level
   a - Flame Tongue                   Conjuration/Fire             1
   b - Cause Fear                     Hexes                        4
   c - Bolt of Fire                   Conjuration/Fire             6
   d - Dragon Form                    Transmutation                7
   e - Dragon's Call                  Summoning                    9
Comestibles
 b - 10 bread rations
 h - a royal jelly
 n - 3 beef jerkies
 s - 2 fruits
 u - 3 meat rations
 I - 3 slices of pizza


   Skills:
 - Level 2.4 Fighting
 + Level 8.4 Throwing
 - Level 3.0 Dodging
 - Level 1.1 Stealth
 * Level 13.6 Unarmed Combat


You had 9 spell levels left.
You didn't know any spells.

Dungeon Overview and Level Annotations

Branches:
Dungeon (10/15)            Temple (1/1) D:6
   Lair: D:8-11         Orc: D:9-12

Altars:
Ashenzari
Cheibriados
Dithmenos
Elyvilon
Fedhas
Gozag
Kikubaaqudgha
Makhleb
Nemelex Xobeh
Okawaru
Pakellas
Qazlal
Ru
Sif Muna
Trog
Vehumet
Xom
Yredelemnul
Zin
The Shining One

Annotations:
D:10 Erolcha


Innate Abilities, Weirdness & Mutations

You are too large for most types of armour.
You have claws for hands.
Your metabolism is lightning-fast.
You like to eat raw meat.
You heal very quickly.
You are covered in fur (AC +1).
You have very tough skin (AC +2).


Message History

a dagger; an orc corpse You butcher the orc corpse.
Z - a chunk of flesh You see here a dagger.
Eating a chunk of flesh.
This raw flesh tastes great.
You continue eating. x2
Erolcha the Cunning comes into view.
She is wielding an enchanted giant spiked club.
Erolcha shouts!
Throwing (i - inventory. (,) - cycle):
Q - 2 large rocks (quivered)
Press: ? - help, Shift-Dir - straight line, f - Erolcha
Aim: Erolcha, wielding an enchanted giant spiked club and wearing an embroidered robe You throw a large rock.
The large rock hits Erolcha!!
Erolcha is moderately wounded.
Throwing (i - inventory. (,) - cycle):
Q - a large rock (quivered)
Press: ? - help, Shift-Dir - straight line, f/p - Erolcha
Aim: Erolcha, wielding an enchanted giant spiked club and wearing an embroidered robe (moderately wounded)
You throw a large rock. The large rock hits Erolcha!
Erolcha is severely wounded.
Erolcha gestures at you while chanting.
The fireball explodes!
The fireball engulfs you!
Throwing (i - inventory):
q - a javelin (quivered)
Press: ? - help, Shift-Dir - straight line, f/p - Erolcha
Aim: Erolcha, wielding an enchanted giant spiked club and wearing an embroidered robe (severely wounded)
You throw a javelin. The javelin barely misses Erolcha.
Evoke which item? (* to show all) (? for menu, Esc to quit)
Zapping:
R - a wand of confusion {zapped: 3} (will waste charges)
Press: ? - help, Shift-Dir - straight line, f/p - Erolcha
Aim: Erolcha, wielding an enchanted giant spiked club and wearing an embroidered robe (severely wounded, chance to defeat MR: 15%) Erolcha resists with almost no effort.
Evoking this partially-identified wand wasted a few charges.
Evoke which item? (* to show all) (? for menu, Esc to quit)
Zapping:
L - a wand of disintegration {zapped: 13} (will waste charges)
Press: ? - help, Shift-Dir - straight line, f/p - Erolcha
Aim: Erolcha, wielding an enchanted giant spiked club and wearing an embroidered robe (severely wounded, chance to defeat MR: 30%) Erolcha easily resists.
Evoking this partially-identified wand wasted a few charges.
Erolcha casts a spell at you. You resist with almost no effort.
Erolcha casts a spell at you.
The fireball explodes!
The fireball engulfs you!
* * * LOW HITPOINT WARNING * * *
Erolcha hits you with an enchanted giant spiked club!!
* * * LOW HITPOINT WARNING * * *
You are too injured to fight recklessly!
Drink which item? (? for menu, Esc to quit)
Okay, then.
You hit Erolcha.
Erolcha is severely wounded.
Erolcha hits you with an enchanted giant spiked club!!
You die...

### #.......'........#..
....#.......#........#..
....#######.#........#..
.........)'.#....#####..
#.........#.######......
#.......###...W.........
#.......+.......#####... ##.
#.......#.......# #... ...
#......@+.......# #... ...
#......O#.......# #... ...
#.......#.......#####... ###
#.....!(#...............
#....#......(#...............
#....#......(#...............
#....#...#####...............
#####....#...#.............######
.........# #.............+


You could see Erolcha.

Vanquished Creatures
  A deep elf mage (D:8)
  Sigmund (D:4)
  Eustachio (D:6)
  8 yaks (D:9)
  3 hippogriffs
  Edmund (D:4)
  3 hungry ghosts
  2 sky beasts (D:8)
  3 orc warriors
  2 ogres
  A black bear (D:8)
  4 ice beasts
  2 centaurs
  7 giant frogs
  A wyvern zombie (D:9)
  2 big kobolds
  2 gnoll sergeants
  3 jellies
  A wyvern skeleton (D:9)
  4 scorpions
  9 killer bees
  2 howler monkeys
  4 wights (D:7)
  A crimson imp (D:4)
  A centaur zombie (D:8)
  A centaur skeleton (D:9)
  3 orc priests
  6 hounds
  6 orc wizards
  2 iguanas
  9 worker ants
  A hound zombie (D:8)
  9 gnolls
  7 adders
  A shadow imp (D:5)
  An ooze (D:6)
  An adder skeleton (D:5)
  3 worms (D:2)
  2 dart slugs
  5 giant geckos
  17 orcs
  3 ball pythons
  8 bats
  7 giant cockroaches
  10 goblins
  10 hobgoblins
  16 jackals
  8 kobolds
  5 quokkas
  A giant gecko zombie (D:9)
  5 giant newts
  5 quokka skeletons
  6 rats
227 creatures vanquished.

Vanquished Creatures (others)
  A plant (D:5)
1 creature vanquished.

Grand Total: 228 creatures vanquished

Notes
Turn   | Place    | Note
--------------------------------------------------------------
     0 | D:1      | dorian the Troll Monk began the quest for the Orb.
     0 | D:1      | Reached XP level 1. HP: 22/22 MP: 0/0
   224 | D:1      | Reached XP level 2. HP: 29/29 MP: 1/1
   785 | D:2      | Reached XP level 3. HP: 36/36 MP: 2/2
   891 | D:2      | Found a shimmering altar of Xom.
  1028 | D:2      | Reached skill level 3 in Dodging
  1033 | D:2      | Reached skill level 1 in Throwing
  1064 | D:2      | Reached XP level 4. HP: 30/44 MP: 3/3
  1113 | D:2      | Reached skill level 5 in Unarmed Combat
  1293 | D:3      | Noticed an ice beast
  1354 | D:3      | You fall through a shaft for 2 floors!
  1354 | D:5      | Entered Level 5 of the Dungeon
  1362 | D:5      | Got a pitted copper ring
  1364 | D:5      | Identified the ring of Heresy {MP+9 Int+2} (You found it on level 5 of the Dungeon)
  1371 | D:5      | Noticed a centaur
  1376 | D:5      | Killed a centaur
  1376 | D:5      | Reached XP level 5. HP: 28/50 MP: 4/4
  1652 | D:3      | Reached skill level 2 in Throwing
  1674 | D:3      | Found a sparkling altar of Nemelex Xobeh.
  1807 | D:3      | Reached skill level 6 in Unarmed Combat
  1818 | D:3      | Found a burning altar of Makhleb.
  1930 | D:3      | HP: 22/50 [ice beast (12)]
  1933 | D:3      | Killed an ice beast
  1933 | D:3      | Reached XP level 6. HP: 27/59 MP: 5/5
  2114 | D:4      | Noticed Sigmund
  2119 | D:4      | Killed Sigmund
  2119 | D:4      | Reached skill level 3 in Throwing
  2119 | D:4      | Reached skill level 7 in Unarmed Combat
  2292 | D:4      | Reached XP level 7. HP: 64/66 MP: 6/6
  2349 | D:4      | Noticed Edmund
  2361 | D:4      | Killed Edmund
  2504 | D:4      | Got a bloodstained hunting sling
  2521 | D:4      | Reached skill level 8 in Unarmed Combat
  2695 | D:5      | Reached skill level 4 in Throwing
  2877 | D:5      | Reached XP level 8. HP: 74/74 MP: 7/7
  2889 | D:5      | Got a polished spear
  2890 | D:5      | Identified the +8 spear "Xafuerass" {pain, Dex+4 SInv} (You found it on level 5 of the Dungeon)
  3031 | D:5      | HP: 37/74 [acid (8)]
  3032 | D:5      | HP: 16/74 [acid (8)]
  3101 | D:5      | HP: 36/74 [acid (4)]
  3122 | D:5      | HP: 34/74 [acid (3)]
  3123 | D:5      | HP: 15/74 [acid (7)]
  3141 | D:5      | HP: 23/74 [acid (2)]
  3321 | D:5      | Found a stormy altar of Qazlal.
  3444 | D:5      | Reached skill level 9 in Unarmed Combat
  3548 | D:6      | Got a slimy lajatang
  3549 | D:6      | Identified the +4 lajatang "Sunafom" {slice, Str+3 Dex+4 Stlth-} (You found it on level 6 of the Dungeon)
  3556 | D:6      | Found a staircase to the Ecumenical Temple.
  3612 | Temple   | Entered the Ecumenical Temple
  3837 | D:6      | Found a radiant altar of Vehumet.
  3848 | D:6      | Noticed Eustachio
  3860 | D:6      | Killed Eustachio
  3860 | D:6      | Reached skill level 5 in Throwing
  4274 | D:6      | Found a shimmering altar of Xom.
  4500 | D:6      | HP: 26/74 [orc warrior/dire flail (22)]
  4500 | D:6      | HP: 10/74 [orc warrior/dire flail (16)]
  4608 | D:6      | Reached skill level 10 in Unarmed Combat
  4914 | D:7      | Reached XP level 9. HP: 80/80 MP: 8/8
  4920 | D:7      | Found an oddly glowing altar of Pakellas.
  5093 | D:7      | HP: 40/80 [poisoned by a killer bee]
  5099 | D:7      | HP: 40/80 [poisoned by a killer bee]
  5308 | D:7      | Reached skill level 6 in Throwing
  5332 | D:7      | Reached skill level 11 in Unarmed Combat
  5373 | D:7      | Identified a book of the Dragon
  5733 | D:8      | HP: 35/80 [hippogriff (6)]
  5738 | D:8      | HP: 17/80 [centaur zombie (3)]
  6055 | D:8      | Noticed a deep elf mage
  6062 | D:8      | Killed a deep elf mage
  6062 | D:8      | Reached skill level 7 in Throwing
  6062 | D:8      | Reached skill level 12 in Unarmed Combat
  6083 | D:8      | Reached XP level 10. HP: 49/88 MP: 9/9
  6276 | D:8      | Found an iron altar of Okawaru.
  6313 | D:8      | Found a deep blue altar of Sif Muna.
  6911 | D:9      | Found a shadowy altar of Dithmenos.
  7115 | D:9      | HP: 44/88 [centaur skeleton (1)]
  7243 | D:9      | Reached skill level 13 in Unarmed Combat
  7249 | D:9      | Reached skill level 8 in Throwing
  7495 | D:10     | Entered Level 10 of the Dungeon
  7910 | D:10     | Noticed a hill giant
  7954 | D:10     | HP: 43/88 [giant frog (5)]
  7971 | D:10     | HP: 37/88 [giant frog (6)]
  7978 | D:10     | HP: 32/88 [giant frog (5)]
  7992 | D:10     | HP: 38/88 [giant frog (3)]
  7998 | D:10     | HP: 37/88 [giant frog (5)]
  8124 | D:10     | Noticed Erolcha
  8130 | D:10     | HP: 37/88 [Erolcha/fireball (22)]
  8131 | D:10     | HP: 16/88 [Erolcha/enchanted giant spiked club (21)]
  8132 | D:10     | Mangled by Erolcha

Skill      XL: |  1  2  3  4  5  6  7  8  9 10 |
---------------+-------------------------------+-----
Dodging        | 3 |  3.0
Throwing       | 1 2 3 4 5 7 8 |  8.4
Unarmed Combat | 5 6 7 8 10 12 13 | 13.6
Fighting       | |  2.4
Stealth        | |  1.1

Action                   |  1- 3 |  4- 6 |  7- 9 | 10-12 || total
-------------------------+-------+-------+-------+-------++-------
Melee: Unarmed           |   100 |   114 |    53 |       ||   267
       Punch             |     3 |     1 |     5 |       ||     9
       Lajatang          |       |       |   155 |   176 ||   331
       Spear             |       |       |    43 |       ||    43
Throw: Large rock        |       |     6 |    32 |    20 ||    58
       Javelin           |       |       |     5 |     4 ||     9
Evoke: Wand              |       |       |    11 |     4 ||    15
  Use: Scroll            |     5 |     6 |     4 |       ||    15
 Stab: Sleeping          |     2 |     2 |     1 |       ||     5
       Distracted        |       |       |     1 |       ||     1
       Paralysed         |       |       |     2 |       ||     2
       Confused          |       |       |       |     1 ||     1
  Eat: Chunk             |    15 |    11 |    44 |    26 ||    96
Armor: Robe              |    59 |    28 |    81 |    72 ||   240
Dodge: Dodged            |    55 |    50 |   171 |   122 ||   398
